 Dungeon Crawl Stone Soup version 0.22-a0-877-g5c4e1af (webtiles) character file.

20 prawnwizard the Slasher (level 2, 0/23 HPs)
             Began as a Demonspawn Gladiator on July 29, 2018.
             Succumbed to a scorpion's poison
             ... on level 2 of the Dungeon.
             The game lasted 00:00:51 (1133 turns).

prawnwizard the Slasher (Demonspawn Gladiator)      Turns: 1133, Time: 00:00:52

Health: 0/23       AC: 10    Str: 14    XL:     2   Next: 58%
Magic:  2/2        EV:  7    Int:  9    God:
Gold:   63         SH:  0    Dex: 14    Spells: 1/1 levels left

rFire    . . .     SeeInvis .   a - +0 long sword
rCold    . . .     Gourm    .   (no shield)
rNeg     . . .     Faith    .   h - +0 chain mail
rPois    .         Spirit   .   c - +0 helmet
rElec    .         Reflect  .   (no cloak)
rCorr    .         Harm     .   (no gloves)
MR       .....                  (no boots)
Stlth    ..........             (no amulet)
HPRegen  0.07/turn              k - ring of flight
MPRegen  0.08/turn              (no ring)

@: lethally poisoned (0 -> -9)
A: rugged brown scales 1
a: Evoke Flight


You were on level 2 of the Dungeon.
You were hungry.

You visited 1 branch of the dungeon, and saw 2 of its levels.

You collected 63 gold pieces.

Inventory:

Hand Weapons
 a - a +0 long sword (weapon)
Missiles
 d - 3 throwing nets (quivered)
Armour
 b - a +0 leather armour
 c - a +0 helmet (worn)
 h - a +0 chain mail (worn)
Jewellery
 k - a ring of flight (left hand)
Scrolls
 e - 2 scrolls of identify {unknown}
 g - a scroll of blinking {unknown}
 j - 4 scrolls of amnesia {unknown}
 l - 2 scrolls of magic mapping {unknown}
 m - a scroll of enchant armour {unknown}
Potions
 i - 2 potions of heal wounds {unknown}
Comestibles
 f - 3 rations


   Skills:
 + Level 2.3 Fighting
 * Level 3.2 Long Blades
 - Level 1.7 Throwing
 + Level 2.9 Dodging


You had one spell level left.
You didn't know any spells.
Your spell library was empty.

Dungeon Overview and Level Annotations

Branches:
Dungeon (2/15)

Altars:


Innate Abilities, Weirdness & Mutations

You are partially covered in rugged brown scales. (AC +1, +3% HP)


Message History

The scorpion is severely wounded.
* * * LOW HITPOINT WARNING * * *
You feel sick.
The scorpion stings you but does no damage.
Your chain mail prevents you from hitting the scorpion.
The scorpion is severely wounded.
* * * LOW HITPOINT WARNING * * *
You feel sick.
The scorpion stings you but does no damage.
You hit the scorpion but do no damage.
The scorpion is severely wounded.
* * * LOW HITPOINT WARNING * * *
You feel sick.
The scorpion stings you but does no damage. x2
Your chain mail prevents you from hitting the scorpion.
The scorpion is severely wounded.
The scorpion stings you but does no damage.
Your chain mail prevents you from hitting the scorpion.
The scorpion is severely wounded.
You die...

#####<........$# #
#..#######(# ..
#..# #(# .. #>.#
#(# .#
#..#######(##.#
#.........(...#
#..#######.##.#
#..######..(##.###
#.........@.......#
#.#######s..#######
#.. ....## ###
######


You could see a scorpion.

Vanquished Creatures
  An adder (D:2)
  4 hobgoblins
  2 kobolds
  A bat (D:1)
  2 goblins (D:1)
  A rat (D:1)
11 creatures vanquished.

Notes
Turn   | Place    | Note
-------+----------+-------------------------------------------
     0 | D:1      | prawnwizard the Demonspawn Gladiator began the quest for the Orb.
     0 | D:1      | Reached XP level 1. HP: 16/16 MP: 1/1
   389 | D:1      | Reached skill level 3 in Long Blades
   784 | D:2      | Gained mutation: You are partially covered in rugged brown scales. (AC +1, +3% HP) [demonic ancestry]
   784 | D:2      | Reached XP level 2. HP: 7/22 MP: 2/2
  1117 | D:2      | Noticed a scorpion
  1131 | D:2      | HP: 1/23 [poisoned by a scorpion]
  1133 | D:2      | Succumbed to a scorpion's poison

Vault maps used:
D:1:      dpeg_arrival_houses_and_road, supply_closet_lemuel
D:2:      first_ration, corner_web_ring, uniq_jessica

Skill      XL: |  1 |
---------------+----+-----
Long Blades    | 3 |  3.2
Fighting       | |  2.3
Throwing       | |  1.7
Dodging        | |  2.9

Action                   || total
-------------------------++-------
Melee: Long sword        ||    51
Armor: Chain mail        ||    35
       Leather armour    ||     4
Dodge: Dodged            ||    22
       Rpst.: Long sword ||    10

Table legend:
 A = Spawn XP
 B = Non-spawn XP
 C = Spawn XP percentage of total XP
 D = Spawn monster count
 E = Non-spawn monster count
 F = Spawn count percentage of total count
 G = Total turns spent on level
                    A         B        C        D         E        F      G
               +---------+---------+-------+---------+---------+-------+---------
         Total |       0 |      29 |   0.0 |       0 |      11 |   0.0 |  1133
               +---------+---------+-------+---------+---------+-------+---------
           D:1 |       0 |      11 |   0.0 |       0 |       7 |   0.0 |   774
           D:2 |       0 |      18 |   0.0 |       0 |       4 |   0.0 |   359
               +---------+---------+-------+---------+---------+-------+---------
